 Dungeon Crawl Stone Soup version 0.24.0-125-gc4c63601f3 (webtiles) character file.

Game seed: 2567576446720891739, levelgen mode: deterministic

1055 LraC the Slinger (level 8, -4/54 HPs)
             Began as a Halfling Hunter on Mar 6, 2020.
             Slain by eodem's ghost (6 damage)
             ... on level 5 of the Dungeon.
             The game lasted 00:33:37 (3584 turns).

LraC the Slinger (Halfling Hunter)                  Turns: 3584, Time: 00:33:37

Health: -4/54      AC:  5    Str: 13    XL:     8   Next: 51%
Magic:  8/8        EV: 17    Int: 10    God:
Gold:   289        SH:  0    Dex: 16    Spells: 7/7 levels left

rFire    . . .     SeeInvis +   a - +3 hunting sling
rCold    . . .     Gourm    .   (shield restricted)
rNeg     . . .     Faith    .   c - +0 leather armour
rPois    .         Spirit   .   h - +0 helmet
rElec    .         Reflect  .   (no cloak)
rCorr    .         Harm     .   t - +0 pair of gloves
MR       .....                  (no boots)
Stlth    ++........             n - amulet of the acrobat
HPRegen  0.18/turn              I - +1 ring of evasion
MPRegen  0.11/turn              O - ring of see invisible

@: no status effects
A: small, mutation resistance 1
a: no special abilities


You were on level 5 of the Dungeon.
You were not hungry.

You visited 1 branch of the dungeon, and saw 5 of its levels.

You collected 289 gold pieces.

Inventory:

Hand Weapons
 a - a +3 hunting sling (weapon)
 b - a +0 short sword
 i - a +0 hand axe
 j - a +0 short sword
 m - a +0 spear
 q - a +0 falchion
 r - a +0 hand axe
 s - a cursed -2 hand axe
 v - a +0 flail
 A - a +0 shortbow
 B - a +0 shortbow
 C - a +0 giant club
 H - a +0 dagger
Missiles
 e - 91 stones (quivered)
 z - 57 arrows
Armour
 c - a +0 leather armour (worn)
 g - a +0 ring mail
 h - a +0 helmet (worn)
 o - a +0 plate armour
 p - a +0 plate armour
 t - a +0 pair of gloves (worn)
 u - a +0 leather armour
 w - a +0 leather armour
Jewellery
 d - a +5 ring of intelligence
 n - an amulet of the acrobat (around neck)
 I - a +1 ring of evasion (left hand)
 O - a ring of see invisible (right hand)
Wands
 x - a wand of paralysis (3)
Scrolls
 k - 3 scrolls of remove curse
Potions
 l - a potion of might
 D - 2 potions of curing
Comestibles
 f - 5 rations


   Skills:
 + Level 3.9 Fighting
 + Level 2.7 Short Blades
 + Level 11.0 Slings
 + Level 2.7 Armour
 + Level 4.4 Dodging
 + Level 1.5 Stealth


You had 7 spell levels left.
You didn't know any spells.
Your spell library was empty.

Dungeon Overview and Level Annotations

Branches:
Dungeon (5/15)
 Temple: D:4-7

Altars:
Nemelex Xobeh
Ru
The Shining One

Shops:
D:4 [[*:

Annotations:
D:4 shops
D:5 2 transporters, eodem's ghost, novice GrFi


Innate Abilities, Weirdness & Mutations

You are small and have problems with some larger weapons.
You are somewhat resistant to further mutation.


Message History

You shoot a stone.
The stone hits eodem's ghost but does no damage.
Eodem's ghost is severely damaged.
Eodem's ghost completely misses you.
Firing (i - inventory)
e - 92 stones (quivered)
Press: ? - help, Shift-Dir - straight line, f/p - eodem's ghost
Aim: eodem's ghost (severely damaged)
You shoot a stone.
The stone hits eodem's ghost but does no damage.
Eodem's ghost is severely damaged.
Eodem's ghost hits you!
* * * LOW HITPOINT WARNING * * *
You feel better. Eodem's ghost hits you!
* * * LOW HITPOINT WARNING * * *
Aiming: Paralyse
Press: ? - help, Shift-Dir - straight line, f/p - eodem's ghost
Aim: eodem's ghost (severely damaged, chance to defeat MR: 24%) Eodem's ghost resists with almost no effort.
Eodem's ghost hits you.
You die...

. ##.....##
#..(....#
##...###'''###
.....#..(....#
#.#.####(.####
# #.#.# #(##
#.## #.#.# #.#
#..# #.#.# #W#
#.## #.#.##
#@#
###..####....#
#.#
.........##..#
#.#
.........##..#
#.#
.........##..#
#.#
....!....##..#
#.#
#####'#####..#
#.# #.## #..#
#.# #..# #..#
#.#


You could see eodem's ghost.

Vanquished Creatures
  Eustachio (D:5)
  An ice beast (D:5)
  2 phantoms
  An ogre (D:5)
  2 centaurs (D:5)
  A howler monkey (D:5)
  2 hounds (D:4)
  2 centaur skeletons (D:5)
  An iguana (D:5)
  Jessica (D:2)
  2 worker ants (D:4)
  A worker ant zombie (D:5)
  2 adders
  An ooze (D:3)
  An adder zombie (D:5)
  An adder skeleton (D:4)
  2 worms
  3 dart slugs
  4 leopard geckos
  4 orcs (D:3)
  7 bats
  7 giant cockroaches
  5 goblins
  5 hobgoblins
  8 jackals (D:1)
  10 kobolds
  6 frilled lizards
  A jackal zombie (D:5)
  A leopard gecko skeleton (D:5)
  A quokka skeleton (D:5)
  11 rats
97 creatures vanquished.

Notes
Turn   | Place    | Note
-------+----------+-------------------------------------------
     0 | D:1      | LraC the Halfling Hunter began the quest for the Orb.
     0 | D:1      | Reached XP level 1. HP: 14/14 MP: 1/1
    52 | D:1      | Reached skill level 6 in Slings
    69 | D:1      | Reached XP level 2. HP: 19/19 MP: 2/2
   221 | D:1      | Reached XP level 3. HP: 22/24 MP: 3/3
   249 | D:1      | Reached skill level 7 in Slings
   778 | D:2      | Reached XP level 4. HP: 29/29 MP: 4/4
  1085 | D:2      | Noticed Jessica
  1090 | D:2      | Killed Jessica
  1090 | D:2      | Reached XP level 5. HP: 33/34 MP: 5/5
  1167 | D:2      | Found a glowing golden altar of the Shining One.
  1178 | D:2      | Reached skill level 1 in Short Blades
  1181 | D:2      | Found a sacrificial altar of Ru.
  2098 | D:4      | Found Okoniaph's Antique Armour Boutique.
  2104 | D:4      | Found Amurr's Book Boutique.
  2106 | D:4      | Found Bagarur's Antique Armour Boutique.
  2110 | D:4      | Found Himocev's General Store.
  2135 | D:4      | Reached skill level 8 in Slings
  2151 | D:4      | Reached skill level 1 in Armour
  2151 | D:4      | Reached XP level 6. HP: 36/41 MP: 6/6
  2402 | D:4      | Found a sparkling altar of Nemelex Xobeh.
  2473 | D:4      | Noticed a phantom
  2497 | D:4      | Killed a phantom
  2497 | D:4      | Reached skill level 9 in Slings
  2896 | D:5      | Entered Level 5 of the Dungeon
  2896 | D:5      | Found a transporter.
  2909 | D:5      | Found a transporter.
  2919 | D:5      | Noticed Eustachio
  2931 | D:5      | Reached XP level 7. HP: 41/45 MP: 7/7
  2972 | D:5      | Killed Eustachio
  3304 | D:5      | Reached skill level 10 in Slings
  3304 | D:5      | Reached XP level 8. HP: 48/52 MP: 8/8
  3539 | D:5      | Found a runed translucent gate.
  3539 | D:5      | Found a runed translucent gate.
  3541 | D:5      | Found a runed translucent gate.
  3544 | D:5      | Noticed eodem's ghost (novice GrFi)
  3562 | D:5      | Reached skill level 11 in Slings
  3583 | D:5      | HP: 1/54 [eodem's ghost (7)]
  3584 | D:5      | Slain by eodem's ghost

Levels and vault maps discovered:
D:1:      dpeg_arrival_pond, layout_loops_ring
D:2:      layout_basic, amethyst_overflow_temple_binary, st_stairs_14,
          uniq_jessica
D:3:      layout_loops_cross
D:4:      layout_rooms, first_ration, eino_small_chamber_without_monster,
          minmay_shop_grid_forest, nrook_mini_backslash, lemuel_altar_in_water2
D:5:      gammafunk_steamed_eel, layout_basic, gammafunk_ghost_necromancy,
          minmay_fountain_box, uniq_eustachio

Skill      XL: |  1  2  3  4  5  6  7  8 |
---------------+-------------------------+-----
Slings         | 6 7 8 9 10 11 | 11.0
Fighting       | 2 3 |  3.9
Short Blades   | 1 2 |  2.7
Dodging        | 3 4 |  4.4
Armour         | 1 2 |  2.7
Stealth        | |  1.5

Action                   |  1- 3 |  4- 6 |  7- 9 || total
-------------------------+-------+-------+-------++-------
Melee: Short sword       |    48 |    86 |    10 ||   144
 Fire: Hunting sling     |    55 |   129 |   117 ||   301
Evoke: Wand              |       |       |     1 ||     1
  Use: Scroll            |     4 |    10 |     2 ||    16
       Potion            |     2 |     5 |     3 ||    10
  Eat: Ration            |       |     2 |     1 ||     3
Armor: Leather armour    |    18 |    36 |     5 ||    59
Dodge: Dodged            |    58 |   130 |    37 ||   225
